 Dungeon Crawl Stone Soup version 0.26-a0-651-gb41185065b (webtiles) character file.

Game seed: 3576448688326094091

140 Flugslaktarn the Covered (level 5, -3/49 HPs)
             Began as a Deep Dwarf Fighter on Oct 26, 2020.
             Slain by Edmund
             ... wielding a +0 flail of draining
              (13 damage)
             ... on level 4 of the Dungeon.
             The game lasted 00:00:48 (759 turns).

Flugslaktarn the Covered (Deep Dwarf Fighter)        Turns: 759, Time: 00:00:48

Health: -3/49      AC:  8    Str: 19    XL:     5   Next: 2%
Magic:  4/4        EV:  7    Int:  9    God:
Gold:   62         SH:  9    Dex: 13    Spells: 4/4 levels left

rFire    . . .     SeeInvis .   a - +0 war axe
rCold    . . .     Faith    .   c - +0 kite shield
rNeg     . . .     Spirit   .   b - +0 scale mail
rPois    .         Reflect  .   (no helmet)
rElec    .         Harm     .   (no cloak)
rCorr    .         Rampage  .   (no gloves)
MR       .....                  l - +0 pair of boots
Stlth    ..........             (no amulet)
HPRegen  0.00/turn              (no ring)
MPRegen  0.09/turn              (no ring)

@: lethally poisoned (-3 -> -3), non-regenerating, drained
A: damage resistance, heal wounds, sense surroundings 1, no regeneration
a: Heal Wounds


You were on level 4 of the Dungeon.
You visited 1 branch of the dungeon, and saw 4 of its levels.

You collected 62 gold pieces.

Inventory:

Hand Weapons
 a - a +0 war axe (weapon)
Armour
 b - a +0 scale mail (worn)
 c - a +0 kite shield (worn)
 l - a +0 pair of boots (worn)
   (You found it on level 3 of the Dungeon)
Jewellery
 e - an uncursed ring of see invisible {unknown}
   (You found it on level 1 of the Dungeon)
Scrolls
 f - a scroll of immolation {unknown}
 k - a scroll of remove curse {unknown}
Potions
 d - a potion of might
 g - a potion of mutation {unknown}
 h - 2 potions of heal wounds {unknown}
 i - a potion of haste {unknown}
 j - 2 potions of curing {unknown}


   Skills:
 + Level 3.3(2.5) Fighting
 * Level 4.0(3.1) Axes
 + Level 4.1(3.2) Armour
 + Level 4.0(3.1) Shields


You had 4 spell levels left.
You didn't know any spells.
Your spell library was empty.

Dungeon Overview and Level Annotations

Branches:
Dungeon (4/15)
 Temple: D:4-7

Altars:
Kikubaaqudgha
Nemelex Xobeh
Wu Jian
Xom
Zin

Annotations:
D:4 Edmund


Innate Abilities, Weirdness & Mutations

You are resistant to damage.
You can heal yourself by infusing magical energy.
You passively map a small area around you.
You do not regenerate.


Message History

You are too injured to fight recklessly!
You are too injured to fight recklessly!
You are too injured to fight recklessly!
You are too injured to fight recklessly!
You are too injured to fight recklessly!
You are too injured to fight recklessly!
You are too injured to fight recklessly!
You are too injured to fight recklessly!
You are too injured to fight recklessly!
You are too injured to fight recklessly!
Unknown command.
You hit Edmund but do no damage.
Edmund is moderately wounded.
You barely miss the worker ant. You hit the worker ant.
The worker ant barely misses you. You block Edmund's attack.
The worker ant bites you.
* * * LOW HITPOINT WARNING * * *
The worker ant bites you.
Edmund hits you with a +0 flail of draining!
You die...

* * ######## * *
#......#####
#..........# *
#..........# ,
+......@..$#
*#....a@....# ,
, ,*
,*#.....a.......
,#..<...#..#.##
*,##?..........
* ##.####..#...
, #.# ..# #. ,
#.# ... , , ..#
* ... , ### ,


You could see Edmund (strong) and 2 worker ants.

Vanquished Creatures
  An orc wizard (D:3)
  4 gnolls (D:2)
  2 adders (D:3)
  2 worms
  A dart slug (D:3)
  2 leopard geckos
  5 orcs (D:3)
  9 bats
  A giant cockroach (D:3)
  A goblin (D:2)
  5 hobgoblins
  4 jackals (D:2)
  5 frilled lizards
  A kobold (D:1)
  3 rats
46 creatures vanquished.

Notes
Turn   | Place    | Note
-------+----------+-------------------------------------------
     0 | D:1      | Flugslaktarn the Deep Dwarf Fighter began the quest for the
                  | Orb.
     0 | D:1      | Reached XP level 1. HP: 20/20 MP: 1/1
    90 | D:1      | You fall into a shaft and drop 1 floor!
   124 | D:2      | Reached XP level 2. HP: 9/27 MP: 2/2
   138 | D:2      | Reached XP level 3. HP: 14/34 MP: 3/3
   196 | D:2      | Found an ornate altar of the Wu Jian Council.
   198 | D:2      | Found an ancient bone altar of Kikubaaqudgha.
   202 | D:2      | Found a shimmering altar of Xom.
   426 | D:2      | Found a sparkling altar of Nemelex Xobeh.
   483 | D:3      | Reached XP level 4. HP: 28/42 MP: 4/4
   604 | D:3      | Found a glowing silver altar of Zin.
   707 | D:3      | Reached XP level 5. HP: 43/49 MP: 4/4
   751 | D:4      | Noticed Edmund
   759 | D:4      | Slain by Edmund

Illustrated notes

Levels and vault maps discovered:
D:1:      wander_arrival_peaceful_grave, layout_loops_cross,
          serial_park_tiny_pond, serial_park_tiny_2
D:2:      layout_loops_corners, nemelex_xobeh_ov_fountains_minmay,
          grunt_temple_overflow_open, chequers_ecumenical_altar_simple_redux
D:3:      layout_basic, old_standard_altar, chequers_temple_overflow_minitemple
D:4:      layout_basic, elyvilon_altar_1, uniq_edmund

Skill      XL: |  1  2  3  4 |
---------------+-------------+-----
Fighting       | 3 |  3.3
Axes           | 3 4 |  4.0
Armour         | 4 |  4.1
Shields        | 4 |  4.0

Action                   |  1- 3 |  4- 6 || total
-------------------------+-------+-------++-------
Melee: War axe           |    83 |    67 ||   150
 Abil: Heal Wounds       |     4 |     2 ||     6
Armor: Scale mail        |    44 |    46 ||    90
Dodge: Dodged            |    32 |    35 ||    67
Block: Kite shield       |    57 |    50 ||   107

Table legend: (Time is in decaauts)
 A = Elapsed time spent in this place.
 B = Non-inter-level travel time spent in this place.
 C = Inter-level travel time spent in this place.
 D = Time resting spent in this place.
 E = Time spent auto-exploring this place.
 F = Levels seen in this place.
 G = Mean time per level.
                   A        B        C        D        E       F      G
               +--------+--------+--------+--------+--------+-----+--------+
         Total |    820 |    770 |     50 |      0 |    412 |   4 |  205.0 |
       Dungeon |    820 |    770 |     50 |      0 |    412 |   4 |  205.0 |
               +--------+--------+--------+--------+--------+-----+--------+

Top non-repeatable levels by time:
     D:2: 416 daAuts
     D:3: 300 daAuts
     D:1: 95 daAuts
     D:4: 9 daAuts
